 Dungeon Crawl Stone Soup version 0.24.0-10-g970556be89 (webtiles) character file.

Game seed: 12871116373549224424, levelgen mode: deterministic

116909 Thantalas the Tortoise (level 16, -8/107 HPs)
             Began as a Gargoyle Fighter on Nov 3, 2019.
             Was the Champion of Cheibriados.
             Blown up by an orb spider (53 damage)
             ... with an orb of destruction
             ... on level 1 of the Spider Nest on Nov 4, 2019.
             The game lasted 01:06:39 (23708 turns).

Thantalas the Tortoise (Gargoyle Fighter)          Turns: 23708, Time: 01:06:40

Health: -8/107     AC: 31    Str: 41    XL:     16   Next: 72%
Magic:  25/25      EV: 11    Int: 27    God:    Cheibriados [******]
Gold:   2442       SH: 20    Dex: 24    Spells: 11/15 levels left

rFire    + + +     SeeInvis .   a - +8 whip of Kismet {drain, Stlth+}
rCold    + + .     Gourm    .   c - +0 shield
rNeg     + . .     Faith    .   C - +4 ring mail {rF+}
rPois    ∞         Spirit   .   x - +1 helmet
rElec    +         Reflect  +   k - scarf {rC+ rF+}
rCorr    .         Harm     .   E - +0 pair of gloves
MR       ++...                  w - +0 pair of boots
Stlth    ++........             e - amulet "Jocrocho" {Reflect rF++ Int+2 SH+3}
HPRegen  0.27/turn              o - ring of protection from cold
MPRegen  0.19/turn              l - ring of protection from magic

@: flying, very slightly contaminated, studying Staves, very slow
A: big wings, negative energy resistance 1, electricity resistance, unbreathing,
petrification resistance, rot immunity, AC +12
a: Stop Flying, Bend Time, Temporal Distortion, Slouch, Step From Time, Renounce
Religion


You were on level 1 of the Spider Nest.
You worshipped Cheibriados.
Cheibriados was exalted by your worship.
You were not hungry.

You visited 5 branches of the dungeon, and saw 25 of its levels.
You also visited: Sewer.

You collected 2644 gold pieces.
You spent 202 gold pieces at shops.

Inventory:

Hand Weapons
 a - the +8 whip of Kismet (weapon) {drain, Stlth+}
   (You took it off an orc warrior on level 11 of the Dungeon)

   A truly terrible weapon, it drains the life of those it strikes.
   It makes you more stealthy.
Armour
 c - a +0 shield (worn)
 k - a scarf of resistance (worn)
   (You found it on level 1 of the Orcish Mines)
 w - a +0 pair of boots (worn)
   (You found it on level 9 of the Dungeon)
 x - a +1 helmet (worn)
   (You found it on level 1 of the Dungeon)
 C - a +4 ring mail of fire resistance (worn)
   (You took it off Edmund on level 5 of the Dungeon)
 E - a +0 pair of gloves (worn)
   (You found it on level 1 of the Lair of Beasts)
Jewellery
 e - the amulet "Jocrocho" (around neck) {Reflect rF++ Int+2 SH+3}
   (You found it on level 1 of the Orcish Mines)

   [amulet of reflection]

   It shields you and reflects attacks.
   It affects your intelligence (+2).
   It greatly protects you from fire.
   It affects your SH (+3).
 l - a ring of protection from magic (right hand)
   (You found it on level 4 of the Dungeon)
 o - a ring of protection from cold (left hand)
   (You found it on level 4 of the Dungeon)
 z - an uncursed ring of see invisible
   (You found it on level 13 of the Dungeon)
Wands
 d - a wand of iceblast (7)
   (You found it on level 1 of the Spider Nest)
 u - a wand of paralysis (8)
   (You found it on level 2 of the Lair of Beasts)
Scrolls
 g - 6 scrolls of fog
 h - 9 scrolls of teleportation {@r4}
 n - 10 scrolls of remove curse {@r2}
 p - 3 scrolls of blinking
 r - 2 scrolls of enchant armour
 t - a scroll of fear
 A - 3 scrolls of enchant weapon
 L - 2 scrolls of amnesia
 M - 3 scrolls of magic mapping
 R - 3 scrolls of identify {@r1}
Potions
 b - 4 potions of mutation {!q}
 i - a potion of might
 j - a potion of ambrosia
 m - 4 potions of flight
 q - 4 potions of magic
 v - 6 potions of brilliance
 y - 10 potions of curing {@q1}
 G - a potion of invisibility
 K - 3 potions of agility
Books
 D - a manual of Staves {!d}
   (You found it on level 15 of the Dungeon)
Miscellaneous
 F - a lamp of fire
   (You found it on level 14 of the Dungeon)
Comestibles
 f - 46 rations {!d}
 B - 2 chunks of flesh


   Skills:
 + Level 14.8 Fighting
 + Level 13.6 Maces & Flails
 + Level 17.5 Armour
 + Level 14.9 Shields
 + Level 12.6 Invocations


You had 11 spell levels left.
You knew the following spells:

 Your Spells              Type           Power        Failure   Level  Hunger
g - Apportation           Tloc           #.....       14%         1    ##.....
K - Regeneration          Chrm/Necr      #.........   38%         3    ####...

Your spell library contained the following spells:

 Spells                   Type           Power        Failure   Level  Hunger
 Animate Skeleton         Necr           N/A          14%         1    ##.....
 Beastly Appendage        Tmut           #.....       14%         1    ##.....
 Confusing Touch          Hex            #.....       14%         1    ##.....
 Corona                   Hex            #......      14%         1    ##.....
 Pain                     Necr           #...         14%         1    ##.....
 Shock                    Conj/Air       #...         14%         1    ##.....
 Summon Small Mammal      Summ           #...         14%         1    ##.....
 Slow                     Hex            #.......     22%         2    ###....
 Sticks to Snakes         Tmut           #.......     22%         2    ###....
 Swiftness                Chrm/Air       #.......     22%         2    ###....
 Confuse                  Hex            #.......     38%         3    ####...
 Gell's Gravitas          Tloc           #.........   38%         3    ####...
 Inner Flame              Hex/Fire       #.......     38%         3    ####...
 Portal Projectile        Hex/Tloc       #.....       38%         3    ####...
 Spider Form              Tmut/Pois      #.........   38%         3    ####...
 Static Discharge         Conj/Air       #.......     38%         3    ####...
 Vampiric Draining        Necr           #.........   38%         3    ####...
 Airstrike                Air            #.........   80%         4    #####..
 Animate Dead             Necr           N/A          80%         4    #####..
 Cause Fear               Hex            #.........   80%         4    #####..
 Ice Form                 Ice/Tmut       #.......     80%         4    #####..
 Leda's Liquefaction      Hex/Erth       #.........   80%         4    #####..
 Petrify                  Tmut/Erth      #.......     80%         4    #####..
 Blade Hands              Tmut           #.........   98%         5    ######.
 Bolt of Magma            Conj/Fire/Erth #.........   98%         5    ######.
 Iskenderun's Battlesphe  Conj/Chrm      #.......     98%         5    ######.
 Lightning Bolt           Conj/Air       #.........   98%         5    ######.
 Metabolic Englaciation   Hex/Ice        #.........   98%         5    ######.
 Venom Bolt               Conj/Pois      #.........   98%         5    ######.
 Yara's Violent Unravell  Hex/Tmut       #.........   98%         5    ######.
 Iron Shot                Conj/Erth      #.........   100%        6    #######
 Orb of Destruction       Conj           #.........   100%        7    #######
 Spellforged Servitor     Conj/Summ      #.........   100%        7    #######


Dungeon Overview and Level Annotations

Branches:
Dungeon (15/15)            Temple (1/1) D:5            Lair (6/6) D:11
 Shoals (0/4) Lair:2       Spider (1/4) Lair:4        Slime (0/5) Lair:6
    Orc (2/2) D:11            Elf (0/3) Orc:2        Vaults (0/5) D:14
 Depths (0/5) D:15          Sewer (visited)

Altars:
Ashenzari
Cheibriados
Dithmenos
Elyvilon
Fedhas
Gozag
Hepliaklqana
Kikubaaqudgha
Makhleb
Nemelex Xobeh
Okawaru
Qazlal
Ru
Sif Muna
Trog
Uskayaw
Vehumet
Wu Jian
Xom
Yredelemnul
Zin
The Shining One
Beogh

Shops:
D:4 [}   D:15 (   Orc:1 ?   Orc:2 *([**

Annotations:
D:6 3 runed translucent doors, AlterAsc's ghost, novice DrTm
Lair:3 1 runed translucent door, Xiemaice's ghost, journeyman DrFE


Innate Abilities, Weirdness & Mutations

You are resistant to torment.
Your stone body is resilient. (AC +12)
You are immune to poison.
Your large and strong wings let you fly indefinitely.
You resist negative energy. (rN+)
You are resistant to electric shocks. (rElec)
You can survive without breathing.
You are immune to petrification.
You are immune to rotting.


Message History

The orb spider weaves a glowing orb of energy.
The jumping spider leaps!
An orb of destruction comes into view.
The orb of destruction hits you!!
* * * LOW HITPOINT WARNING * * *
The jumping spider pounces on you but does no damage.
You block the jumping spider's attack.
You feel much better.
The jumping spider leaps!
The orb spider weaves a glowing orb of energy.
An orb of destruction comes into view.
You feel much better. You block the jumping spider's attack.
The jumping spider misses you.
The orb of destruction hits a rock wall.
You hit the jumping spider.
The jumping spider leaps!
The jumping spider leaps!
The jumping spider pounces on you but does no damage.
You block the jumping spider's attack.
The orb spider pulsates with a strange energy.
The jumping spider pounces on you.
You are caught in a web!
The jumping spider bites you but does no damage.
There is a web here.
The web tears apart.
The jumping spider pounces on you.
* * * LOW HITPOINT WARNING * * *
You are caught in a web!
The jumping spider bites you but does no damage.
The orb spider pulsates with a strange energy.
The jumping spider closely misses you. The jumping spider barely misses you.
The web tears apart.
The jumping spider pounces on you but does no damage.
The jumping spider bites you but does no damage.
You whack the jumping spider! You drain the jumping spider.
You kill the jumping spider!
Cheibriados thoroughly appreciates the change of pace.
The orb spider weaves a glowing orb of energy.
An orb of destruction comes into view.
The orb spider weaves a glowing orb of energy.
The orb of destruction hits you!!
* * * LOW HITPOINT WARNING * * *
An orb of destruction comes into view.
You see here a short sword.
You feel much better.
Okay, then.
Blink to where?
You are very lightly contaminated with residual magic.
As you read the scroll of blinking, it crumbles to dust.
The orb spider begins to weave its threads into a brightly glowing ball.
The orb spider weaves a glowing orb of energy.
An orb of destruction comes into view.
The orb of destruction hits you!!!
You die...

.#...#.#.††^##
......###....#
......# ##...#
.....## #....###
(..### #...##.##
..# #.......### ..
##.......^##
####...^..#
#...#@..# #..##○.##
#### #####○...##...
#....s..##...
#...○...#..#
#.......#..#
#........†..####
#.......###..##.##
#.......^.#..#...##


You could see an orb spider.

Vanquished Creatures
  Rupert (D:13)
  The ghost of Potutehi the Blocker, a journeyman DDFi of Makhleb (Orc:1)
  An ironheart preserver (D:14)
  Nessos (Lair:6)
  Snorg (Lair:3)
  2 ettins
  4 ogre magi (Orc:2)
  3 hydras
  Erolcha (D:12)
  A catoblepas (Lair:6)
  3 centaur warriors (D:15)
  17 two-headed ogres
  A death yak (Lair:4)
  A tengu warrior (D:15)
  3 unseen horrors
  A deep troll (D:15)
  3 orc knights
  4 cyclopes
  2 orb spiders (Spider:1)
  3 ugly things
  2 orc sorcerers
  6 wolf spiders
  A manticore (Lair:2)
  4 deep elf magi
  12 elephants
  2 moths of wrath (Orc:1)
  Maurice (D:9)
  7 black mambas
  6 centaur zombies
  A guardian serpent (Lair:6)
  A torpor snail (Lair:5)
  14 spiny frogs
  A gargoyle (D:15)
  4 rime drakes
  4 centaur skeletons
  2 kobold demonologists
  5 komodo dragons
  A queen bee (Lair:4)
  3 meliai (Lair:4)
  A polar bear (Lair:6)
  A harpy zombie (D:12)
  12 jumping spiders (Spider:1)
  9 trolls
  4 hornets
  10 slime creatures
  Prince Ribbit (D:6)
  14 dream sheep
  8 hippogriffs
  A meliai zombie (D:12)
  25 blink frogs
  8 tarantellas (Spider:1)
  A vampire (D:13)
  3 wraiths
  47 yaks
  A shadow (D:11)
  37 redbacks
  14 wyverns
  A human (D:7)
  3 hungry ghosts
  5 basilisks
  4 hogs (D:7)
  13 wargs
  2 steam dragons (Lair:4)
  A soldier ant (D:13)
  Edmund (D:5)
  An acid dragon (D:15)
  Duvessa (D:7)
  21 water moccasins
  A hornet zombie (D:15)
  23 orc warriors
  8 porcupines
  4 ice beasts
  8 sky beasts
  29 ogres
  2 phantoms (D:9)
  A black bear (D:8)
  A necrophage (D:6)
  30 wolves
  10 centaurs
  5 big kobolds
  17 crocodiles
  15 bullfrogs
  Dowan (D:7)
  6 scorpions
  A wyvern skeleton (D:10)
  41 killer bees
  8 wights
  2 howler monkeys
  An electric eel (D:10)
  A bullfrog zombie (D:12)
  4 crimson imps
  10 jellies
  3 hounds
  13 orc priests
  4 bullfrog skeletons
  Natasha (thrice) (D:3)
  2 iguanas
  24 orc wizards
  9 worker ants
  A howler monkey zombie (D:7)
  13 adders
  4 gnolls (D:4)
  7 river rats
  2 oozes
  2 worms
  2 dart slugs
  8 leopard geckos
  92 orcs
  6 ball pythons
  11 giant cockroaches
  5 goblins
  6 hobgoblins
  6 jackals
  5 quokkas
  6 bats
  2 frilled lizards
  41 kobolds
  A leopard gecko zombie (D:5)
  A quokka zombie (D:7)
  24 rats
  A plant (Lair:4)
914 creatures vanquished.

Vanquished Creatures (others)
  2 centaur warriors (D:15)
  A demonic crawler (Spider:1)
  4 centaurs (D:13)
  A killer bee (Lair:4)
  A howler monkey (D:11)
  An orc wizard (D:6)
  5 bushes (D:9)
  39 fungi
  11 plants
65 creatures vanquished.

Grand Total: 979 creatures vanquished

Notes
Turn   | Place    | Note
-------+----------+-------------------------------------------
     0 | D:1      | Thantalas the Gargoyle Fighter began the quest for the Orb.
     0 | D:1      | Reached XP level 1. HP: 14/14 MP: 1/1
   202 | D:1      | Reached XP level 2. HP: 15/19 MP: 2/2
  1257 | D:2      | Reached XP level 3. HP: 20/24 MP: 3/3
  1600 | D:2      | Reached XP level 4. HP: 29/29 MP: 4/4
  1783 | D:3      | Noticed Natasha
  1790 | D:3      | Killed Natasha
  1790 | D:3      | Reached skill level 4 in Armour
  1860 | D:3      | Noticed Natasha
  1873 | D:3      | Killed Natasha
  1873 | D:3      | Reached XP level 5. HP: 11/33 MP: 5/5
  1894 | D:3      | Noticed Natasha
  1900 | D:3      | Killed Natasha
  2025 | D:3      | Found a glowing drain.
  2035 | Sewer    | Entered a sewer
  2314 | Sewer    | Reached XP level 6. HP: 27/39 MP: 6/6
  2800 | D:3      | Identified a scroll of acquirement
  2801 | D:3      | Got a fine graven amulet
  2802 | D:3      | Identified the amulet "Enuittyf" {rF+ Regen+ MP+9 Int-4}
                  | (You acquired it on level 3 of the Dungeon)
  3015 | D:3      | Found a blossoming altar of Fedhas.
  3154 | D:4      | Found Heryob's Antique Armour Shoppe.
  3251 | D:4      | Reached skill level 5 in Shields
  3254 | D:4      | Reached skill level 5 in Fighting
  3254 | D:4      | Reached skill level 5 in Armour
  3258 | D:4      | Reached XP level 7. HP: 44/44 MP: 7/7
  3367 | D:4      | Found Awneu's Gadget Boutique.
  3850 | D:5      | Entered Level 5 of the Dungeon
  3940 | D:5      | Noticed Edmund
  3977 | D:5      | Killed Edmund
  4037 | D:5      | Reached XP level 8. HP: 51/51 MP: 8/8
  4140 | D:5      | Reached skill level 5 in Maces & Flails
  4140 | D:5      | Reached skill level 6 in Armour
  4682 | D:5      | Found a staircase to the Ecumenical Temple.
  4776 | Temple   | Entered the Ecumenical Temple
  4815 | Temple   | Became a worshipper of Cheibriados the Contemplative
  5005 | D:6      | Found a runed translucent gate.
  5014 | D:6      | Found a runed translucent gate.
  5015 | D:6      | Found a runed translucent gate.
  5016 | D:6      | Noticed AlterAsc's ghost (novice DrTm)
  5105 | D:6      | Found a glowing golden altar of the Shining One.
  5119 | D:6      | Noticed Prince Ribbit
  5364 | D:6      | Found a white marble altar of Elyvilon.
  5407 | D:6      | Found a glowing golden altar of the Shining One.
  5407 | D:6      | Found a sacrificial altar of Ru.
  5412 | D:6      | Found a shadowy altar of Dithmenos.
  5412 | D:6      | Found a sparkling altar of Nemelex Xobeh.
  5413 | D:6      | Found a bloodstained altar of Trog.
  5618 | D:6      | Killed Prince Ribbit
  5672 | D:6      | Reached XP level 9. HP: 56/56 MP: 9/9
  5680 | D:6      | Reached * piety under Cheibriados
  5690 | D:6      | Reached skill level 7 in Armour
  6330 | D:7      | Reached ** piety under Cheibriados
  6346 | D:7      | Noticed Duvessa
  6347 | D:7      | Noticed Dowan
  6357 | D:7      | Killed Duvessa
  6363 | D:7      | Killed Dowan
  6867 | D:7      | Found a shimmering altar of Xom.
  6989 | D:7      | Reached skill level 8 in Armour
  7005 | D:7      | Reached XP level 10. HP: 60/64 MP: 10/10
  7640 | D:9      | Noticed Maurice
  7830 | D:9      | Reached *** piety under Cheibriados
  7862 | D:9      | Reached skill level 1 in Invocations
  7979 | D:9      | Reached skill level 9 in Armour
  8608 | D:9      | Killed Maurice
  9049 | D:10     | Entered Level 10 of the Dungeon
  9083 | D:10     | Reached **** piety under Cheibriados
  9093 | D:10     | Reached XP level 11. HP: 71/71 MP: 13/13
 10050 | D:11     | Noticed a cyclops
 10065 | D:11     | Killed a cyclops
 10242 | D:11     | Reached ***** piety under Cheibriados
 10248 | D:11     | Found a staircase to the Lair.
 10260 | D:11     | Noticed a red ugly thing
 10278 | D:11     | Killed a red ugly thing
 10297 | D:11     | Reached skill level 10 in Shields
 10338 | D:11     | Reached skill level 10 in Fighting
 10338 | D:11     | Reached skill level 10 in Armour
 10407 | D:11     | Found a staircase to the Orcish Mines.
 10641 | D:11     | Reached skill level 5 in Invocations
 10735 | D:11     | Identified the +8 whip of Kismet {drain, Stlth+}
 10987 | Lair:1   | Entered Level 1 of the Lair of Beasts
 11151 | Lair:1   | Reached XP level 12. HP: 78/78 MP: 16/16
 11322 | Lair:1   | Learned a level 1 spell: Apportation
 11326 | Lair:1   | Learned a level 3 spell: Regeneration
 12010 | Lair:2   | Reached ****** piety under Cheibriados
 12018 | Lair:2   | Reached skill level 11 in Armour
 12110 | Lair:2   | Found a staircase to the Shoals.
 12402 | Lair:3   | Reached skill level 10 in Maces & Flails
 12535 | Lair:3   | Noticed Snorg
 12565 | Lair:3   | Killed Snorg
 12884 | Lair:3   | Noticed a death yak
 12885 | Lair:3   | Found a runed translucent door.
 12885 | Lair:3   | Noticed Xiemaice's ghost (journeyman DrFE)
 13044 | Lair:4   | Got a pitted leather armour
 13055 | Lair:4   | Identified the +1 leather armour "Vebiel" {*Corrode rElec
                  | MP+9 Stlth+} (You found it on level 4 of the Lair of
                  | Beasts)
 13106 | Lair:4   | Noticed an eight-headed hydra
 13114 | Lair:4   | Killed an eight-headed hydra
 13189 | Lair:4   | Reached skill level 12 in Armour
 13261 | Lair:4   | Noticed a death yak
 13266 | Lair:4   | Reached XP level 13. HP: 14/84 MP: 18/18
 13800 | Lair:4   | Found a hole to the Spider Nest.
 13870 | Lair:4   | Reached skill level 13 in Armour
 15240 | Lair:6   | Entered Level 6 of the Lair of Beasts
 15261 | Lair:6   | Gained mutation: Your large and strong wings let you fly
                  | indefinitely. [Gargoyle growth]
 15261 | Lair:6   | Reached XP level 14. HP: 90/92 MP: 21/21
 15301 | Lair:6   | Reached skill level 14 in Armour
 15488 | Lair:6   | Noticed Nessos
 15526 | Lair:6   | Killed Nessos
 15616 | Lair:6   | Found a staircase to the Slime Pits.
 15678 | Lair:6   | Got an ancient halberd
 15690 | Lair:6   | Got a dazzling spear
 15708 | Lair:6   | Identified the +5 halberd of Athrolu {drain, *Contam rPois
                  | Stlth+} (You found it on level 6 of the Lair of Beasts)
 15709 | Lair:6   | Identified the +3 spear of Uncertain Death {speed, +Fly}
                  | (You found it on level 6 of the Lair of Beasts)
 15924 | Lair:6   | Reached skill level 10 in Invocations
 16365 | Lair:6   | Reached skill level 15 in Armour
 17252 | D:12     | Noticed Erolcha
 17269 | D:12     | Killed Erolcha
 17555 | D:12     | Reached XP level 15. HP: 99/99 MP: 23/23
 17643 | D:12     | Found a roughly hewn altar of Beogh.
 17920 | Orc:1    | Entered Level 1 of the Orcish Mines
 18046 | Orc:1    | Found Kyrofe's Magic Scroll Boutique.
 18054 | Orc:1    | Bought a scroll of enchant armour for 127 gold pieces
 18185 | Orc:1    | Noticed Potutehi's ghost (journeyman DDFi)
 18205 | Orc:1    | Found a transporter.
 18321 | Orc:1    | Found a transporter.
 18479 | Orc:1    | Killed Potutehi's ghost
 18487 | Orc:1    | Got a warped diamond amulet
 18593 | Orc:1    | Identified the amulet "Jocrocho" {Reflect rF++ Int+2 SH+3}
                  | (You found it on level 1 of the Orcish Mines)
 18623 | Orc:2    | Entered Level 2 of the Orcish Mines
 19200 | Orc:2    | Found a roughly hewn altar of Beogh.
 19203 | Orc:2    | Found a staircase to the Elven Halls.
 19402 | Orc:2    | Found Aigigi's Alliterative Accessories.
 19597 | Orc:2    | Reached skill level 16 in Armour
 19864 | Orc:2    | Found Qaunk's Armour Boutique.
 19865 | Orc:2    | Found Wiklero's General Store.
 19866 | Orc:2    | Found Coxirop's Weapon Boutique.
 19866 | Orc:2    | Found Baply's General Store.
 19886 | Orc:2    | Bought a potion of heal wounds for 75 gold pieces
 20436 | D:13     | Got a dazzling leather armour
 20448 | D:13     | Identified the +1 leather armour "Bocox" {rElec rPois rF++}
                  | (You found it on level 13 of the Dungeon)
 20596 | D:13     | Noticed Rupert
 20619 | D:13     | Killed Rupert
 21185 | D:13     | Found a shattered altar of Ashenzari.
 21301 | D:13     | Reached XP level 16. HP: 76/106 MP: 24/24
 21858 | D:14     | Found a gate to the Vaults.
 22026 | D:15     | Entered Level 15 of the Dungeon
 22038 | D:15     | Reached skill level 17 in Armour
 22216 | D:15     | HP: 5/107 [ettin/+0 dire flail (18)]
 22672 | D:15     | Found a staircase to the Depths.
 22798 | D:15     | Found Ruruhaop's Weapon Boutique.
 22960 | D:15     | Found a snail-covered altar of Cheibriados.
 23473 | Spider:1 | Entered Level 1 of the Spider Nest
 23708 | Spider:1 | Blown up by an orb spider

Levels and vault maps discovered:
D:1:      saegor_arrival_simple_b, layout_basic
D:2:      layout_rooms
D:3:      layout_rooms, first_ration, gup_sewer_entry_bowl, fedhas_altar_4,
          uniq_natasha
D:4:      layout_loops_ring, serial_shops, shop, shop
D:5:      kennysheep_spiral_hall, layout_basic,
          minmay_temple_entry_enclosed_plants, uniq_edmund
D:6:      layout_loops_ring, grunt_temple_overflow_open,
          gammafunk_ghost_necromancy, basic_altar, uniq_prince_ribbit1
D:7:      layout_layer_cave, marbit_many_paths, grunt_livestock,
          chequers_serial_rivers_micro_c, uniq_duvessa
D:8:      layout_cave_pools
D:9:      minmay_klotski, layout_stronghold, hangedman_abyss_or_decor_stagger,
          hangedman_decor_push, uniq_maurice
D:10:     layout_loops_ring, serial_bayou_ford_a
D:11:     layout_stronghold, due_lair_maze_entry_diamond, david_orc_2,
          lemuel_flamethrower_2
D:12:     layout_roguey [special_room_orc], hangedman_decor_points, uniq_erolcha
D:13:     layout_rooms, lemuel_centaur_altar, uniq_rupert
D:14:     layout_big_octagon, skrybe_vaults_entry_preservation, hive_lemuel
D:15:     hangedman_depths_entry_civil_slaughter, layout_cave_pools,
          serial_column_ruins, column_ruins_columns_dead_end,
          column_ruins_columns_dead_end, column_ruins_grid_1,
          column_ruins_open_small, column_ruins_grid_4, column_ruins_grid_1,
          minivault_19, serial_shops, nicolae_shop_statue_plus, st_stairs_11,
          cheibriados_altar_1
Temple:   regret_index_temple_waves
Lair:1:   layout_regular_city
Lair:2:   layout_misc_corridors, minmay_shoals_entry_beasts
Lair:3:   layout_concentric_octagons, ebering_ghost_inner_flame, st_stairs_6,
          lemuel_fruit_tree, uniq_snorg
Lair:4:   regret_index_tunnel_blossom, layout_regular_city, dummy_spider_entry,
          serial_bayou_pond_c
Lair:5:   layout_cave_pods
Lair:6:   hangedman_lair_tendril_chambers, layout_regular_city,
          nicolae_slime_entry_slimehenge, serial_bayou_crossing, uniq_nessos
Spider:1: layout_spider_delve
Orc:1:    layout_caves, gammafunk_ghost_berserking_beasts, serial_shops,
          nicolae_shop_stone
Orc:2:    st_orc_ogre_mass, layout_caves, basic_altar, nicolae_alphabet_shops

Skill      XL: |  1  2  3  4  5  6  7  8  9 10 11 12 13 14 15 16 |
---------------+-------------------------------------------------+-----
Fighting       | 4 5 6 8 9 10 11 12 13 14 | 14.8
Armour         | 4 5 6 8 9 10 12 13 15 16 17 | 17.5
Shields        | 4 5 6 8 9 10 11 12 13 14 | 14.9
Maces & Flails | 3 4 5 7 8 9 10 11 12 13 | 13.6
Invocations    | 3 5 7 9 10 11 12 | 12.6

Action                   |  1- 3 |  4- 6 |  7- 9 | 10-12 | 13-15 | 16-18 || total
-------------------------+-------+-------+-------+-------+-------+-------++-------
Melee: Flail             |   122 |   346 |   398 |   455 |       |       ||  1321
       War axe           |       |       |    51 |       |       |       ||    51
       Whip              |       |       |       |   322 |  1627 |   399 ||  2348
 Cast: Regeneration      |       |       |       |       |     3 |       ||     3
Invok: Slouch            |       |       |       |     3 |     4 |     3 ||    10
 Abil: Fly               |       |       |       |       |     1 |       ||     1
Evoke: Wand              |       |       |       |       |    31 |     2 ||    33
       Lamp of fire      |       |       |       |       |       |     1 ||     1
  Use: Potion            |       |     5 |     1 |     4 |     5 |     5 ||    20
       Scroll            |       |    12 |     6 |    12 |     8 |     2 ||    40
 Stab: Sleeping          |       |       |       |     2 |     6 |       ||     8
       Distracted        |       |       |       |       |     2 |     1 ||     3
       Petrified         |       |       |       |       |     4 |       ||     4
       Paralysed         |       |       |       |       |     3 |     4 ||     7
       Confused          |       |       |       |       |     3 |       ||     3
  Eat: Chunk             |     2 |     7 |     7 |    12 |    19 |     4 ||    51
       Ration            |       |       |     1 |     1 |       |     1 ||     3
Armor: Scale mail        |    70 |   330 |    76 |       |       |       ||   476
       Ring mail         |       |       |   166 |   375 |   668 |   138 ||  1347
Dodge: Dodged            |    52 |   195 |   151 |   286 |   393 |    90 ||  1167
Block: Shield            |    66 |   286 |   251 |   571 |  1249 |   338 ||  2761
       Reflection        |       |       |       |       |    29 |    19 ||    48
